Map: Восточный дозор РВ

Players

ИИ 1 (знаток)

  • Race: Zerg Zerg
  • Spawn Location: 1:00

Doll - Winner!

  • Race: Protoss Protoss
  • Spawn Location: 7:00

VOD

Have the link to the VOD?

Description

Time

  • Played on: Dec. 22, 2020, 3:40 a.m.
  • Length: 11:35
Show
View Real Time Build Order
Export as new Build Order

ИИ 1 (знаток) Zerg 

Build Orders: Hatch First 

Get SALT Encoding   

  12  0:00  Drone  
  13  0:12  Overlord  
  13  0:16  Drone  
  14  0:31  Drone x2  
  14  0:34  Drone  
  17  0:56  Hatchery, Drone  
  17  1:13  Spawning Pool, Drone  
  17  1:17  Drone  
  18  1:22  Extractor  
  18  1:23  Drone  
  18  1:29  Overlord  
  18  1:38  Drone  
  19  2:00  Queen, Zergling x4  
  23  2:01  Roach Warren  
  23  2:07  Drone  
  23  2:09  Extractor  
  22  2:16  Baneling Nest  
  22  2:22  Drone  
  22  2:26  Drone  
  22  2:28  Zergling x2  
  24  2:33  Zergling x2  
  25  2:38  Drone  
  26  2:45  Roach  
  28  3:00  Baneling x2  
  28  3:02  Drone, Extractor  
  28  3:07  Drone, Overlord  
  28  3:11  Lair  
  29  3:23  Ravager  
  30  3:29  Extractor  
  29  3:43  Drone  
  29  3:47  Drone  
  31  3:51  Drone  
  31  3:55  Roach, Drone  
  35  3:58  Drone, Overlord  
  36  4:10  Drone  
  36  4:12  Hydralisk Den  
  36  4:13  Drone  
  36  4:16  Drone  
  38  4:20  Drone  
  39  4:24  Drone  
  39  4:26  Drone  
  41  4:32  Roach  
  41  4:37  Overlord  
  43  4:42  Hydralisk  
  45  4:54  Roach  
  47  5:02  Overlord  
  47  5:05  Hydralisk  
  47  5:06  Ravager  
  50  5:15  Drone  
  50  5:17  Hydralisk  
  50  5:19  Drone  
  54  5:22  Drone  
  54  5:27  Overlord  
  55  5:29  Roach  
  55  5:30  Drone  
  55  5:34  Drone  
  60  5:35  Drone  
  60  5:39  Drone  
  60  5:40  Hydralisk  
  60  5:41  Drone  
  64  5:46  Drone x2  
  66  5:50  Overlord  
  66  5:51  Hydralisk  
  66  5:53  Drone  
  69  5:59  Drone  
  70  6:04  Evolution Chamber  
  70  6:06  Drone  
  70  6:10  Drone  
  71  6:13  Drone  
  71  6:17  Drone  
  71  6:18  Drone x2  
  75  6:21  Overlord  
  75  6:24  Drone  
  76  6:31  Zerg Melee Weapons Level 1  
  76  6:32  Drone  
  77  6:35  Drone  
  77  6:39  Burrow  
  78  6:43  Drone  
  78  6:46  Drone  
  80  6:49  Roach, Overlord  
  80  6:50  Drone  
  83  7:00  Roach, Ravager x2  
  87  7:08  Overlord  
  87  7:11  Hydralisk  
  89  7:23  Roach, Spore Crawler  
  89  7:26  Spore Crawler  
  89  7:27  Spore Crawler  
  89  7:29  Overlord  
  88  7:31  Drone  
  88  7:32  Drone, Overseer x2  
  88  7:35  Roach  
  88  7:36  Spore Crawler  
  88  7:37  Drone  
  92  7:40  Queen  
  94  7:46  Hydralisk  
  94  7:47  Overlord  
  94  7:50  Queen  
  98  7:53  Spine Crawler  
  98  7:55  Drone, Spine Crawler  
  98  7:57  Hydralisk  
  99  8:00  Drone, Spine Crawler  
  99  8:06  Spine Crawler  
  99  8:08  Infestation Pit, Drone, Hydralisk  
  99  8:09  Drone  
  101  8:18  Spire  
  100  8:20  Evolution Chamber, Hydralisk, Drone  
  100  8:22  Drone  
  100  8:25  Zerg Ground Armor Level 1  
  103  8:32  Roach  
  105  8:46  Zerg Missile Weapons Level 1  
  105  8:59  Pneumatized Carapace, Infestor  
  105  9:00  Overlord  
  105  9:01  Lurker Den  
  105  9:02  Drone  
  103  9:10  Hatchery  
  103  9:12  Hydralisk  
  103  9:13  Overseer  
  75  9:18  Zergling x2  
  75  9:23  Hydralisk  
  63  9:25  Zergling x4  
  63  9:26  Zergling x4  
  63  9:28  Zergling x2  
  64  9:33  Overseer  
  64  9:34  Roach x3  
  64  9:37  Roach  
  72  9:40  Roach  
  72  9:42  Drone  
  72  9:43  Roach  
  72  9:44  Drone  
  72  9:45  Zergling x2  
  67  9:46  Roach  
  67  9:50  Hydralisk  
  63  9:53  Drone x6  
  42  10:08  Zergling x2  
  42  10:12  Zergling x2  
  42  10:15  Zergling x2  
  39  10:22  Hydralisk  
  39  10:23  Roach, Zergling x2  
  39  10:25  Hydralisk  
  39  10:26  Roach, Zergling x2  
  42  10:32  Drone  
  25  10:35  Drone  
  25  10:42  Roach  
  24  10:43  Drone  
  24  10:46  Drone  
  20  10:54  Drone  
  18  10:57  Drone  
  5  11:04  Drone  
  5  11:15  Hatchery, Drone  
Show
View Real Time Build Order
Export as new Build Order

Doll Protoss - Winner!

Build Orders: 1 Gate Expand 

Get SALT Encoding   

  12  0:00  Probe  
  13  0:13  Probe  
  14  0:20  Pylon  
  14  0:25  Probe  
  15  0:41  Probe (Chrono Boost)  
  15  0:42  Gateway  
  16  0:50  Pylon  
  16  0:51  Probe (Chrono Boost)  
  16  0:57  Probe (Chrono Boost), Assimilator  
  18  1:09  Probe  
  19  1:23  Probe  
  20  1:34  Nexus  
  20  1:39  Zealot  
  22  1:43  Probe  
  23  1:55  Cybernetics Core  
  23  1:56  Probe  
  24  2:02  Assimilator  
  24  2:09  Probe  
  25  2:16  Gateway  
  25  2:22  Probe  
  26  2:31  Stalker  
  26  2:35  Probe  
  26  2:36  Pylon  
  29  2:48  Probe, Stargate  
  29  2:49  Probe  
  31  2:57  Warp Gate  
  31  3:02  Adept  
  31  3:03  Probe  
  34  3:05  Probe  
  34  3:11  Adept  
  37  3:16  Probe  
  37  3:18  Probe  
  39  3:27  Void Ray  
  39  3:29  Probe  
  39  3:30  Pylon  
  44  3:36  Probe  
  44  3:41  Adept  
  47  3:44  Probe  
  48  3:49  Probe  
  48  3:50  Adept  
  51  3:57  Probe  
  51  4:01  Stargate  
  51  4:02  Probe  
  53  4:08  Pylon  
  53  4:10  Probe  
  53  4:12  Stalker  
  53  4:15  Probe  
  57  4:21  Zealot  
  59  4:25  Probe  
  59  4:26  Void Ray  
  59  4:30  Probe  
  61  4:35  Assimilator  
  61  4:36  Assimilator  
  61  4:37  Probe  
  66  4:40  Pylon  
  66  4:43  Probe  
  67  4:53  Adept  
  67  4:55  Probe, Void Ray  
  74  5:08  Pylon  
  74  5:11  Probe  
  74  5:12  Probe  
  76  5:17  Pylon  
  76  5:21  Void Ray  
  76  5:26  Probe, Nexus  
  81  5:31  Probe  
  81  5:34  Stalker  
  84  5:36  Stalker  
  84  5:39  Probe  
  84  5:42  Phoenix  
  89  5:45  Probe  
  89  5:48  Pylon  
  90  5:52  Probe  
  91  5:58  Probe, Pylon  
  92  6:05  Forge, Void Ray  
  92  6:07  Probe  
  92  6:08  Forge  
  97  6:12  Sentry  
  97  6:15  Probe  
  100  6:20  Void Ray  
  100  6:21  Probe  
  100  6:22  Gateway  
  101  6:28  Probe  
  101  6:31  Adept  
  108  6:34  Probe  
  109  6:40  Protoss Ground Weapons Level 1  
  109  6:41  Protoss Ground Armor Level 1  
  109  6:43  Pylon  
  109  6:44  Probe  
  110  6:50  Probe  
  111  6:58  Twilight Council  
  111  6:59  Probe  
  111  7:00  Probe, Robotics Facility  
  111  7:01  Void Ray  
  113  7:05  Probe  
  118  7:10  Zealot  
  118  7:11  Zealot  
  118  7:15  Assimilator  
  122  7:17  Probe x2  
  122  7:18  Assimilator  
  122  7:21  Phoenix  
  122  7:22  Probe  
  127  7:30  Pylon  
  127  7:31  Stalker  
  127  7:37  Probe x2  
  130  7:38  Probe  
  130  7:40  Pylon  
  130  7:41  Charge  
  130  7:42  Void Ray  
  132  7:48  Void Ray  
  136  7:56  Probe  
  141  8:00  Probe  
  141  8:03  Pylon  
  141  8:04  Stalker  
  141  8:05  Stalker  
  146  8:06  Sentry  
  146  8:10  Observer  
  149  9:05  Protoss Air Weapons Level 1  
Tags
 
Add a new tag
Caveats
  • Supply blocks, unpowered buildings, or Contaminate may cause inaccurate times.
  • Supply counts are checked every 10 seconds.